cohdb
Replays
Latest Replays
All Replays
Popular Replays
Top Player Replays
Match Explorer
How It Works
Community
CoH3 Stats
Reddit
Sign in to upload your games and track your stats! →
Sign in with Steam
Match 41628288
Unlisted
Match 41628288
Overview
Messages
Build Orders
End
Pioneer Squad
Construct Infanterie Kompanie
Selects Terror Battlegroup
Selects Machine Gun Camouflage
Grenadier Squad
Grenadier Squad
MG 42 Machine Gun Team
Selects Contempt for the Weak
Grenadier Squad
MG 42 Machine Gun Team
Infanterie Officer Quarters
Medical Station
Construct Panzergrenadier Kompanie
Grenadier Squad
Support Elements
StuG III G Assault Gun
Side Skirts
≫ Igor
سَۨفُـيٰانۨوٰس
0
0
Comments
sign in to comment!
No comments posted yet!